 Dungeon Crawl Stone Soup version 0.27.1 (webtiles) character file.

Game seed: 1321398665986210219

224 Atelerd the Sneak (level 6, -1/35 (36) HPs)
             Began as an Octopode Earth Elementalist on Sept 2, 2021.
             Was an Initiate of Sif Muna.
             Slain by a wight (8 damage)
             ... on level 4 of the Dungeon.
             The game lasted 00:05:46 (3461 turns).

Atelerd the Sneak (Octopode Earth Elementalist)     Turns: 3461, Time: 00:05:47

HP:   -1/35 (36)    AC:  1    Str:  8    XL:     6   Next: 0%
MP:   2/10          EV: 13    Int: 19    God:    Sif Muna [......]
Gold: 52            SH:  0    Dex: 12    Spells: 9/10 levels left

rFire    . . .     SeeInvis .   l - +1 short sword (drain)
rCold    . . .     Faith    .   (no shield)
rNeg     . . .     Spirit   .   (helmet restricted)
rPois    .         Reflect  .   (no amulet)
rElec    .         Harm     .   (no ring)
rCorr    .         Rampage  .   (no ring)
Will     .....                  (no ring)
Stlth    ++++......             (no ring)
HPRegen  0.11/turn              (no ring)
MPRegen  0.12/turn              (no ring)
                                (no ring)
                                (no ring)

@: lightly drained
A: almost no armour, amphibious, 8 rings, camouflage 1, gelatinous body 1,
(nimble swimmer 1), tentacles
a: Renounce Religion


You were on level 4 of the Dungeon.
You worshipped Sif Muna.
Sif Muna was noncommittal.
You visited 1 branch of the dungeon, and saw 4 of its levels.

You collected 75 gold pieces.
You spent 23 gold pieces at shops.

Inventory:

Hand Weapons
 j - a +0 short sword
 l - a +1 short sword of draining (weapon)
Missiles
 b - 47 stones
Jewellery
 g - an amulet of faith
 i - an amulet of regeneration
Scrolls
 a - 2 scrolls of noise
 k - 3 scrolls of identify
Potions
 c - 2 potions of heal wounds {unknown}
 d - a potion of flight {unknown}
 e - a potion of lignification {unknown}
 f - a potion of mutation {unknown}
 h - a potion of resistance {unknown}
 m - a potion of curing
 n - 2 potions of ambrosia {unknown}


   Skills:
 - Level 2.0 Dodging
 - Level 5.0 Stealth
 + Level 2.8 Spellcasting
 * Level 3.1 Transmutations
 * Level 4.2 Earth Magic


You had 9 spell levels left.
You knew the following spells:

 Your Spells              Type           Power      Damage    Failure   Level
a - Sandblast             Erth           36%        2d10      2%          1

Your spell library contained the following spells:

 Spells                   Type           Power      Damage    Failure   Level
 Passwall                 Tmut/Erth      13%        N/A       5%          2
 Summon Small Mammal      Summ           8%         N/A       16%         1
 Stone Arrow              Conj/Erth      20%        3d8       21%         3
 Petrify                  Tmut/Erth      16%        N/A       34%         4
 Call Canine Familiar     Summ           2%         N/A       43%         3
 Summon Guardian Golem    Hex/Summ       2%         N/A       43%         3
 Swiftness                Air            2%         N/A       43%         3
 Invisibility             Hex            1%         N/A       100%        6


Dungeon Overview and Level Annotations

Branches:
Dungeon (4/15)
 Temple: D:4-7

Altars:
Cheibriados
Kikubaaqudgha
Nemelex Xobeh
Okawaru
Qazlal
Sif Muna

Shops:
D:2 (


Innate Abilities, Weirdness & Mutations

You cannot wear most types of armour.
You are amphibious.
You can wear up to eight rings at the same time.
Your skin changes colour to match your surroundings (Stealth+).
Your rubbery body absorbs attacks. (AC +1, EV +1)
((You are camouflaged near water. (Stealth+)))
You have tentacles for arms and can constrict up to eight enemies at once.


Message History

Press: ? - help, Shift-Dir - straight line, f/p - wight
Aim: a wight, wielding a +0 short sword and wearing a +0 robe (79% to hit)
The blast of sand hits the wight.
The wight is moderately damaged.
You hear the slow hiss of a distant avalanche of sand.
You hear the slow rusting of a very distant drain.
The wight hits you with a +0 short sword.
Casting: Sandblast (safe; 2% risk of failure)
Confirm with . or Enter, or press ? or * to list all spells.
Aiming: Sandblast (safe; 2% risk of failure)
Press: ? - help, Shift-Dir - straight line, f/p - wight
Aim: a wight, wielding a +0 short sword and wearing a +0 robe (moderately damaged, 79% to hit)
The blast of sand hits the wight!
The wight is severely damaged.
The wight hits you with a +0 short sword!
Casting: Sandblast (safe; 2% risk of failure)
Confirm with . or Enter, or press ? or * to list all spells.
Aiming: Sandblast (safe; 2% risk of failure)
Press: ? - help, Shift-Dir - straight line, f/p - wight
Aim: a wight, wielding a +0 short sword and wearing a +0 robe (severely damaged, 79% to hit)
The blast of sand hits the wight but does no damage.
The wight is severely damaged.
The wight hits you with a +0 short sword.
Casting: Sandblast (safe; 2% risk of failure)
Confirm with . or Enter, or press ? or * to list all spells.
Aiming: Sandblast (safe; 2% risk of failure)
Press: ? - help, Shift-Dir - straight line, f/p - wight
Aim: a wight, wielding a +0 short sword and wearing a +0 robe (severely damaged, 79% to hit)
The blast of sand hits the wight but does no damage.
The wight is severely damaged.
The wight hits you with a +0 short sword.
* * * LOW HITPOINT WARNING * * *
Casting: Sandblast (safe; 2% risk of failure)
Confirm with . or Enter, or press ? or * to list all spells.
Aiming: Sandblast (safe; 2% risk of failure)
Press: ? - help, Shift-Dir - straight line, f/p - wight
Aim: a wight, wielding a +0 short sword and wearing a +0 robe (severely damaged, 79% to hit)
The blast of sand misses the wight.
The wight hits you with a +0 short sword!
You die...

## ## #. .# #.....# ####.
#. .###.....# #.... #..
..##.....# #.... ##..#
##.........# ....
#>...#####..# #.....# ..
#..........####.....#######
#.#.......@...............#
#........z...........†....'
########.#...###..........#
#.##### #..<..#..†.#
#.....# ###..##....#
######..##.#####........'
#.......##z..zz#.<##....#
#.#####........+.###....#
####.....### #....#


You could see a wight.

Vanquished Creatures
  Natasha (thrice) (D:3)
  8 adders
  2 ufetubi
  2 worms
  A dart slug (D:2)
  2 orcs (D:3)
  8 ball pythons
  3 bats
  2 endoplasms (D:1)
  3 giant cockroaches
  5 goblins
  4 hobgoblins
  3 jackals (D:3)
  6 kobolds
  3 quokkas
  2 frilled lizards (D:2)
  7 rats
64 creatures vanquished.

Notes
Turn   | Place    | Note
-------+----------+-------------------------------------------
     0 | D:1      | Atelerd the Octopode Earth Elementalist began the quest for
                  | the Orb.
     0 | D:1      | Reached XP level 1. HP: 11/11 MP: 3/3
   323 | D:1      | Reached skill level 3 in Stealth
   323 | D:1      | Reached XP level 2. HP: 16/17 MP: 0/5
   895 | D:1      | Found a faded altar of an unknown god.
  1247 | D:2      | Reached XP level 3. HP: 18/21 MP: 1/6
  1582 | D:2      | Found Sengef's Weapon Emporium.
  1613 | D:2      | Bought 17 stones for 23 gold pieces
  2213 | D:3      | Reached XP level 4. HP: 25/27 MP: 7/7
  2317 | D:3      | Reached skill level 4 in Stealth
  2420 | D:3      | Found an iron altar of Okawaru.
  2427 | D:3      | Found a shimmering blue altar of Sif Muna.
  2427 | D:3      | Found a snail-covered altar of Cheibriados.
  2428 | D:3      | Found a stormy altar of Qazlal.
  2429 | D:3      | Found a sparkling altar of Nemelex Xobeh.
  2433 | D:3      | Found an ancient bone altar of Kikubaaqudgha.
  2436 | D:3      | Became a worshipper of Sif Muna the Loreminder
  2863 | D:3      | Reached XP level 5. HP: 22/31 MP: 8/8
  3109 | D:3      | Noticed Natasha
  3115 | D:3      | Killed Natasha
  3265 | D:3      | Noticed Natasha
  3271 | D:3      | Killed Natasha
  3317 | D:3      | Noticed Natasha
  3324 | D:3      | Killed Natasha
  3362 | D:4      | Reached skill level 5 in Stealth
  3409 | D:4      | Reached XP level 6. HP: 35/36 MP: 7/10
  3461 | D:4      | Slain by a wight

Illustrated notes

Levels and vault maps discovered:
D:1:      co_arrival_square_in_a_square_in_a_square, layout_basic,
          basic_ecumenical_altar, minmay_statues_item
D:2:      layout_rooms, serial_shops, shop, grunt_decor_fettered,
          corexii_corridor_pit, st_stairs_3, glass_columns_a
D:3:      minmay_spotlight, layout_rooms, minitemple, minmay_puff, uniq_natasha
D:4:      cheibrodos_quashed, layout_basic, enter_ossuary_1,
          cheibrodos_sewer_entry_drain, uniq_menkaure

Skill      XL: |  1  2  3  4  5 |
---------------+----------------+-----
Stealth        | 3 4 5 |  5.0
Transmutations | 2 3 |  3.1
Earth Magic    | 4 |  4.2
Dodging        | |  2.0
Spellcasting   | |  2.8

Action                   |  1- 3 |  4- 6 || total
-------------------------+-------+-------++-------
Melee: Unarmed           |    23 |       ||    23
       Constrict         |     8 |    11 ||    19
       Tentacles         |     3 |     7 ||    10
       Short sword       |    17 |    39 ||    56
 Cast: Sandblast         |    37 |    38 ||    75
  Use: Scroll            |       |     1 ||     1
 Stab: Sleeping          |     5 |     3 ||     8
       Distracted        |     1 |       ||     1
Armor: Skin              |     7 |     5 ||    12
Dodge: Dodged            |    34 |    46 ||    80
